 Dungeon Crawl Stone Soup version 0.30-a0-242-g7bf8e6d787 (webtiles) character file.

Game seed: 3790043824581226171

9493 IdlyInterested the Basher (level 11, -5/89 HPs)
             Began as a Demonspawn Wanderer on Oct 11, 2022.
             Slain by an orc warrior
             ... wielding a +0 battleaxe
              (18 damage)
             ... on level 9 of the Dungeon.
             The game lasted 00:32:59 (9901 turns).

IdlyInterested the Basher (Demonspawn Wanderer)     Turns: 9901, Time: 00:33:00

Health: -5/89      AC: 10    Str: 25      XL:     11   Next: 23%
Magic:  11/12      EV: 14    Int:  9 (10) God:
Gold:   1008       SH: 10    Dex: 28      Spells: 12/12 levels left

rFire   + . .      SeeInvis .    j - +10 eveningstar of the Lamprey {vorpal, Fragile rPois Str+3 Dex+3}
rCold   . . .      Faith    .    (no shield)
rNeg    . . .      Spirit   .    L - +0 scale mail {rF+}
rPois   +          Reflect  .    (no helmet)
rElec   .          Harm     .    G - +0 cloak
rCorr   .          Rampage  .    Y - +0 pair of gloves {infuse}
Will    .....                    x - +0 pair of boots
Stlth   +++.......               S - amulet of magic regeneration
HPRegen 0.34/turn                K - +6 ring of dexterity
MPRegen 0.53/turn                y - +6 ring of strength

@: studying Dodging
A: large bone plates 2, condensation shield, agile 1, sturdy frame 1
a: no special abilities


You were on level 9 of the Dungeon.
You visited 2 branches of the dungeon, and saw 10 of its levels.
You also visited: Ossuary and Bailey.

You collected 1008 gold pieces.

Inventory:

Hand Weapons
 a - a +3 short sword
 j - the +10 eveningstar of the Lamprey (weapon) {vorpal, Fragile rPois Str+3 Dex+3}
   (You acquired it on level 2 of the Dungeon)

   It inflicts extra damage upon your enemies.
   Str:       It affects your strength (+3).
   Dex:       It affects your dexterity (+3).
   rPois:     It protects you from poison.
   Fragile:   It will be destroyed if unequipped.
 s - a +1 flail
 C - a +3 great mace
 F - a +2 flail of protection
 N - a +2 whip of flaming
 X - a +0 dire flail
 Z - the +3 short sword of Xom {vorpal, rPois rF+}
   (You found it on level 8 of the Dungeon)

   It inflicts extra damage upon your enemies.
   rF:        It protects you from fire.
   rPois:     It protects you from poison.
Missiles
 g - 96 stones (quivered)
 l - 21 poisoned darts
 m - 5 throwing nets
 t - 11 boomerangs
 O - 6 curare-tipped darts
Armour
 q - a +2 leather armour of cold resistance
 u - a +0 plate armour
 x - a +0 pair of boots (worn)
 G - a +0 cloak (worn)
 L - a +0 scale mail of fire resistance (worn)
 T - a +0 robe of cold resistance
 Y - a +0 pair of gloves of infusion (worn)
Jewellery
 e - a ring of poison resistance
 y - a +6 ring of strength (right hand)
 E - an amulet of the acrobat
 J - a ring of willpower
 K - a +6 ring of dexterity (left hand)
 Q - a ring of protection from cold
 S - an amulet of magic regeneration (around neck)
Wands
 d - a wand of roots (3)
 h - a wand of flame (5)
 i - a wand of digging (3)
 r - a wand of charming (7)
 w - a wand of polymorph (7)
 M - a wand of acid (8)
Scrolls
 b - 2 scrolls of amnesia
 c - a scroll of fear
 k - 6 scrolls of poison
 p - 5 scrolls of teleportation
 v - 2 scrolls of butterflies
 D - 2 scrolls of magic mapping
 P - a scroll of enchant armour
 U - a scroll of acquirement
 V - 2 scrolls of enchant weapon
Potions
 f - a potion of attraction
 n - a potion of brilliance
 o - a potion of flight
 z - a potion of magic
 A - 2 potions of curing
 H - a potion of ambrosia {unknown}
 I - a potion of resistance {unknown}
 R - a potion of might
Miscellaneous
 B - a condenser vane (inert)


   Skills:
 + Level 9.2 Fighting
 - Level 2.6 Short Blades
 * Level 11.5 Maces & Flails
 - Level 1.0 Ranged Weapons
 - Level 3.0 Throwing
 + Level 3.4 Armour
 - Level 4.0 Dodging
 - Level 4.0 Stealth
 - Level 1.0 Spellcasting
 - Level 4.0 Evocations


You had 12 spell levels left.
You didn't know any spells.
Your spell library contained the following spells:

 Spells                   Type           Power      Damage    Failure   Level
 Apportation              Tloc           0%         N/A       52%         1
 Necrotise                Necr           0%         1d4       52%         1
 Sting                    Tmut/Pois      0%         1d3       52%         1
 Summon Small Mammal      Summ           0%         N/A       52%         1
 Ensorcelled Hibernation  Hex/Ice        0%         N/A       67%         2
 Passwall                 Tmut/Erth      0%         N/A       67%         2
 Poisonous Vapours        Pois/Air       0%         N/A       67%         2
 Hailstorm                Conj/Ice       0%         3d3       88%         3
 Inner Flame              Hex/Fire       0%         N/A       88%         3
 Swiftness                Air            0%         N/A       88%         3
 Animate Dead             Necr           0%         N/A       99%         4
 Cause Fear               Hex            0%         N/A       99%         4
 Ice Form                 Ice/Tmut       0%         N/A       99%         4
 Olgreb's Toxic Radiance  Pois           0%         N/A       99%         4
 Simulacrum               Ice/Necr       0%         N/A       100%        6
 Haunt                    Necr/Summ      0%         N/A       100%        7
 Discord                  Hex            0%         N/A       100%        8
 Infestation              Necr           0%         N/A       100%        8


Dungeon Overview and Level Annotations

Branches:
Dungeon (9/15)             Temple (1/1) D:6         Ossuary (visited)
 Bailey (visited)
   Lair: D:8-11         Orc: D:9-12

Altars:
Ashenzari
Cheibriados
Dithmenos
Fedhas
Gozag
Hepliaklqana
Kikubaaqudgha
Makhleb
Nemelex Xobeh
Okawaru
Qazlal
Ru
Sif Muna
Trog
Uskayaw
Vehumet
Wu Jian
Xom
Yredelemnul


Innate Abilities, Weirdness & Mutations

You are mostly covered in large bone plates. (SH +6)
A meltable shield of frost defends you. (SH +4)
You are agile. (Dex +4, Str/Int -1)
Your movements are slightly less encumbered by armour. (ER -2)


Message History

You kill Psyche!
The orc wizard shouts!
You hear a shout!
Things that are here:
a +3 dagger of distortion; a +0 robe of cold resistance
T - a +0 robe of cold resistance An orc and an orc warrior come into view.
The orc wizard casts a spell at you.
You easily resist.
The orc wizard closely misses you.
An orc comes into view. It is wielding a +0 short sword.
You puncture the orc wizard!
You kill the orc wizard!
An orc comes into view. It is wielding a +0 dagger.
Your icy envelope is restored.
You puncture the orc!
You kill the orc!
You barely miss the orc. The orc hits you but does no damage.
You closely miss the orc. You barely miss the orc. You block the orc's attack.
You closely miss the orc. The orc hits you with a +0 short sword.
* * * LOW HITPOINT WARNING * * *
You bludgeon the orc!!
You kill the orc!
You block the orc's attack.
The orc warrior unwields a +0 battleaxe.
The orc warrior wields a +0 arbalest.
The orc warrior shoots a bolt.
The bolt closely misses you.
You hear a shout! x2
You puncture the orc!
You kill the orc!
You barely miss the orc warrior.
The orc warrior unwields a +0 arbalest.
The orc warrior wields a +0 battleaxe.
The orc warrior hits you with a +0 battleaxe!
* * * LOW HITPOINT WARNING * * *
You closely miss the orc warrior. You completely miss the orc warrior.
The orc warrior barely misses you.
An orc comes into view. It is wielding a +0 club.
You hit the orc warrior but do no damage.
The orc warrior hits you with a +0 battleaxe!!
You die...

#.#####.##.....#....).#...###
#.#####.##.......)#####...#
#.......##...#.##.# #...#
##########...#.#).#####...#
########.#)..)......##...#
#.....###......####.##...#
#.....####....###.# ....{.
#.....)[.))....)oo# .....o
#.....####..##)@.#[.....
#.....# #)###.))# # .
##########.##....#
#.......#.#._8.... #
#.#####.#..#.....#.
###.#####...###...## o.
.....).##.#.. ##..# #
###.......##. #.). #
#.##.##.###..##


You could see an orc warrior and an orc.

Vanquished Creatures
  A centaur warrior (D:9)
  A tengu warrior (D:8)
  A skeletal warrior (D:8)
  The ghost of Ekaitz the Firebug, a novice DsFE of Sif Muna (D:7)
  Pikel (D:9)
  An ugly thing (D:8)
  Psyche (D:9)
  A freezing wraith (D:9)
  The ghost of Nerdsrcool the Trooper, an amateur OgCA of Ignis (D:4)
  3 trolls
  A wraith (Ossuary)
  A yak (D:8)
  Menkaure (D:6)
  2 acid dragons
  3 orc warriors
  An ice beast (D:6)
  2 black bears
  5 wolves (Bailey)
  2 centaurs (D:8)
  2 phantoms (D:5)
  2 lemures (D:9)
  An elf zombie (Ossuary)
  Blork the orc (D:6)
  2 bullfrogs
  3 necrophages (D:5)
  2 scorpions (D:5)
  8 gnoll sergeants (Bailey)
  3 wights (D:8)
  11 killer bees (D:8)
  7 howler monkeys
  9 gnoll boudas
  5 hounds
  2 orc priests
  3 jellies
  2 iguanas (D:5)
  6 orc wizards
  3 mummies (Ossuary)
  22 gnolls
  6 adders
  A river rat (D:4)
  3 white imps
  3 worms
  5 dart slugs
  25 orcs
  6 bats
  4 endoplasms
  4 giant cockroaches
  8 goblins
  A hobgoblin (D:3)
  3 jackals
  2 quokkas
  2 ball pythons
  A frilled lizard (D:3)
  2 goblin zombies (Ossuary)
  6 hobgoblin zombies (Ossuary)
  2 kobolds
  4 kobold zombies (Ossuary)
  2 quokka zombies (D:8)
  6 rats
220 creatures vanquished.

Notes
Turn   | Place    | Note
-------+----------+-------------------------------------------
     0 | D:1      | IdlyInterested the Demonspawn Wanderer began the quest for
                  | the Orb.
     0 | D:1      | IdlyInterested set off with the following items: a +3 short
                  | sword, a +0 sling, a scroll of fear, a +0 leather armour.
     0 | D:1      | Reached XP level 1. HP: 16/16 MP: 1/1
   157 | D:1      | Gained mutation: A meltable shield of frost defends you.
                  | (SH +4) [demonic ancestry]
   157 | D:1      | Reached XP level 2. HP: 18/22 MP: 2/2
   835 | D:2      | Identified a scroll of acquirement
   835 | D:2      | Acquired the +10 eveningstar of the Lamprey {vorpal,
                  | Fragile rPois Str+3 Dex+3}
   840 | D:2      | Reached skill level 1 in Throwing
   895 | D:2      | Reached skill level 1 in Stealth
   895 | D:2      | Reached XP level 3. HP: 21/28 MP: 2/4
  1021 | D:2      | Found a stormy altar of Qazlal.
  1024 | D:2      | Reached skill level 1 in Maces & Flails
  1062 | D:2      | Reached skill level 1 in Spellcasting
  1454 | D:2      | Found a faded altar of an unknown god.
  2266 | D:3      | Reached XP level 4. HP: 34/34 MP: 5/5
  2666 | D:4      | Reached skill level 2 in Maces & Flails
  2752 | D:4      | Found a runed translucent door.
  2810 | D:4      | Noticed Nerdsrcool's ghost (amateur OgCA)
  2980 | D:4      | Found a runed translucent door.
  2992 | D:4      | Killed Nerdsrcool's ghost
  2993 | D:4      | Reached skill level 3 in Maces & Flails
  2993 | D:4      | Reached XP level 5. HP: 41/42 MP: 6/6
  2993 | D:4      | Reached XP level 6. HP: 46/48 MP: 7/7
  3407 | D:5      | Entered Level 5 of the Dungeon
  3597 | D:5      | Reached skill level 4 in Maces & Flails
  3616 | D:5      | Reached XP level 7. HP: 51/54 MP: 8/8
  3886 | D:5      | Reached skill level 5 in Maces & Flails
  4076 | D:5      | Reached skill level 5 in Fighting
  4076 | D:5      | Gained mutation: You are partially covered in large bone
                  | plates. (SH +4) [demonic ancestry]
  4076 | D:5      | Reached XP level 8. HP: 62/62 MP: 9/9
  4757 | D:5      | Reached skill level 6 in Maces & Flails
  4809 | D:5      | Found a basalt altar of Yredelemnul.
  5279 | D:6      | Found a staircase to the Ecumenical Temple.
  5292 | Temple   | Entered the Ecumenical Temple
  5561 | D:6      | Noticed Blork the orc
  5566 | D:6      | Killed Blork the orc
  5659 | D:6      | Noticed a troll
  5664 | D:6      | Killed a troll
  5742 | D:6      | Noticed Menkaure
  5747 | D:6      | Killed Menkaure
  5748 | D:6      | Reached skill level 7 in Maces & Flails
  6407 | D:7      | Gained mutation: You are mostly covered in large bone
                  | plates. (SH +6) [demonic ancestry]
  6407 | D:7      | Reached XP level 9. HP: 68/69 MP: 10/10
  6433 | D:7      | Found a runed translucent door.
  6457 | D:7      | Noticed Ekaitz's ghost (novice DsFE)
  7310 | D:7      | Killed Ekaitz's ghost
  7311 | D:7      | Reached skill level 8 in Maces & Flails
  7415 | D:8      | Found a sand-covered staircase.
  7444 | Ossuary  | Entered an ossuary
  7892 | D:8      | Found a flagged portal.
  7900 | Bailey   | Entered a bailey
  7910 | Bailey   | Reached skill level 9 in Maces & Flails
  8070 | Bailey   | Reached XP level 10. HP: 35/79 MP: 11/11
  8702 | D:8      | Noticed a tengu warrior
  8713 | D:8      | Killed a tengu warrior
  8714 | D:8      | Reached skill level 10 in Maces & Flails
  8717 | D:8      | Noticed a skeletal warrior
  8737 | D:8      | Killed a skeletal warrior
  8859 | D:8      | Noticed a brown ugly thing
  8869 | D:8      | Killed a brown ugly thing
  9107 | D:8      | Identified the +3 short sword of Xom {vorpal, rPois rF+}
  9451 | D:8      | Gained mutation: You occasionally lose the ability to drink
                  | potions when taking damage. [potion of mutation]
  9452 | D:8      | Lost mutation: You occasionally lose the ability to drink
                  | potions when taking damage. [potion of mutation]
  9452 | D:8      | Gained mutation: Your movements are slightly less
                  | encumbered by armour. (ER -2) [potion of mutation]
  9452 | D:8      | Gained mutation: You are agile. (Dex +4, Str/Int -1)
                  | [potion of mutation]
  9654 | D:9      | Noticed Pikel
  9669 | D:9      | Killed Pikel
  9670 | D:9      | Reached skill level 11 in Maces & Flails
  9742 | D:9      | Noticed a centaur warrior
  9742 | D:9      | Found a shimmering blue altar of Sif Muna.
  9750 | D:9      | Reached XP level 11. HP: 56/87 MP: 10/12
  9752 | D:9      | Killed a centaur warrior
  9841 | D:9      | Noticed Psyche
  9881 | D:9      | Killed Psyche
  9901 | D:9      | Slain by an orc warrior

Illustrated notes

Levels and vault maps discovered:
D:1:      dpeg_arrival_court, layout_loops_cross, minivault_4,
          hangedman_abyss_or_decor_stabs, minmay_split_cup_small
D:2:      layout_basic, nicolae_ecumenical_lake_church, basic_altar,
          minmay_distorted
D:3:      layout_basic
D:4:      layout_loops_corners, ebering_ghost_sewer_f, kennysheep_generic_room_7
D:5:      kennysheep_six_static_rooms, layout_layer_cave, kennysheep_ying_yang
D:6:      layout_rooms, minmay_temple_entry_hall, grunt_decor_mini_mirrors,
          uniq_blork_the_orc, uniq_menkaure
D:7:      layout_layer_cave, ebering_ghost_reflecting_pool,
          kennysheep_small_circle
D:8:      layout_cave_pools, enter_bailey_3, enter_ossuary_4,
          chequers_serial_rivers_marsh, chequers_serial_rivers_marsh,
          minmay_manual_mail
D:9:      layout_loops_cross, hiddenorc2_lemuel, minmay_ruined_shrine,
          uniq_psyche, uniq_pikel
Temple:   nicolae_temple_slightly_damp_pantheon

Skill      XL: |  1  2  3  4  5  6  7  8  9 10 11 |
---------------+----------------------------------+-----
Throwing       | 1 2 3 |  3.0
Stealth        | 1 2 3 4 |  4.0
Maces & Flails | 1 3 4 5 7 9 11 | 11.5
Spellcasting   | 1 |  1.0
Fighting       | 3 4 5 6 7 8 9 |  9.2
Dodging        | 2 3 4 |  4.0
Armour         | 2 3 |  3.4
Evocations     | 3 4 |  4.0
Short Blades   | |  2.6
Ranged Weapons | |  1.0

Action                   |  1- 3 |  4- 6 |  7- 9 | 10-12 || total
-------------------------+-------+-------+-------+-------++-------
Melee: Short sword       |    21 |       |       |       ||    21
       Eveningstar       |    37 |    30 |   210 |   144 ||   421
       Punch             |     1 |       |     4 |     3 ||     8
Throw: Boomerang         |       |     2 |       |       ||     2
       Dart              |       |       |     2 |       ||     2
Evoke: Condenser vane    |       |       |       |     1 ||     1
       Wand              |       |       |       |     4 ||     4
  Use: Scroll            |     6 |     6 |     3 |     4 ||    19
       Potion            |       |       |     5 |     8 ||    13
 Stab: Sleeping          |       |     3 |     1 |       ||     4
       Distracted        |       |       |     1 |       ||     1
       Invisible         |       |       |     7 |       ||     7
Armor: Ring mail         |    11 |       |       |       ||    11
       Leather armour    |     9 |     9 |    14 |       ||    32
       Scale mail        |       |       |    26 |    46 ||    72
Dodge: Dodged            |    33 |    14 |   121 |    97 ||   265
Block: Other             |     4 |     3 |    92 |    96 ||   195

Table legend: (Time is in decaauts)
 A = Elapsed time spent in this place.
 B = Non-inter-level travel time spent in this place.
 C = Inter-level travel time spent in this place.
 D = Time resting spent in this place.
 E = Time spent auto-exploring this place.
 F = Levels seen in this place.
 G = Mean time per level.
                   A        B        C        D        E       F      G
               +--------+--------+--------+--------+--------+-----+--------+
         Total |   9974 |   9171 |    803 |    804 |   5826 |  12 |  831.2 |
       Dungeon |   8746 |   7965 |    781 |    471 |   5668 |   9 |  971.8 |
        Temple |    190 |    168 |     22 |      0 |    147 |   1 |  190.0 |
       Ossuary |    378 |    378 |      0 |      0 |     11 |   1 |  378.0 |
        Bailey |    658 |    658 |      0 |    333 |      0 |   1 |  658.0 |
               +--------+--------+--------+--------+--------+-----+--------+

Top non-repeatable levels by time:
     D:5: 1704 daAuts
     D:7: 1236 daAuts
     D:4: 1154 daAuts
     D:8: 1132 daAuts
     D:2: 1042 daAuts
     D:1: 764 daAuts
     D:6: 696 daAuts
  Bailey: 658 daAuts
     D:3: 651 daAuts
 Ossuary: 378 daAuts
     D:9: 363 daAuts
  Temple: 190 daAuts
